[Event "ICC tourney 2074 (75 10)"]
[Site "Internet Chess Club"]
[Date "2020.10.25"]
[Round "6"]
[White "Aadarsh99"]
[Black "nsuralik"]
[Result "1-0"]
[ICCResult "Black checkmated"]
[WhiteElo "1149"]
[BlackElo "992"]
[Opening "Queen's pawn game"]
[ECO "D02"]
[NIC "TD.06"]
[Time "18:03:20"]
[PlyCount "121"]
[TimeControl "4500+10"]

1. d4 d5 2. Nf3 e6 3. e3 c5 4. c4 Nf6 5. Nc3 Nc6 6. cxd5 exd5 7. Be2 Be7 8.
h3 O-O 9. O-O Bf5 10. Bd3 Bxd3 11. Qxd3 cxd4 12. exd4 Re8 13. Bg5 Rc8 14.
a3 a6 15. Rfe1 Kh8 16. Rad1 Ng8 17. Bxe7 Rxe7 18. Rxe7 Qxe7 19. Nxd5 Qd8
20. Ne3 Nf6 21. Ng5 Rc7 22. Ng4 g6 23. Nh6 Kg7 24. Nhxf7 Rxf7 25. Nxf7 Kxf7
26. Qb3+ Kf8 27. Qxb7 Nb8 28. d5 Nfd7 29. d6 Qe8 30. Qf3+ Kg7 31. Kf1 Ne5
32. Qc3 Qb5+ 33. Kg1 Nd7 34. f4 Qb6+ 35. Kh2 Kf6 36. fxe5+ Nxe5 37. d7 Qd8
38. Rd6+ Kf5 39. g4+ Kg5 40. Qxe5+ Kh6 41. Qf4+ Kg7 42. Qf6+ Qxf6 43. Rxf6
Kxf6 44. d8=Q+ Ke5 45. Qe7+ Kd4 46. Qxh7 Ke5 47. Qxg6 Kd4 48. Qxa6 Ke5 49.
g5 Kd4 50. g6 Ke4 51. g7 Ke5 52. g8=R Ke4 53. Rg4+ Kf5 54. Qb5+ Ke6 55.
Rg6+ Kf7 56. Qf5+ Ke7 57. Re6+ Kd7 58. Qd5+ Kc7 59. Rc6+ Kb8 60. Qb5+ Ka7
61. Ra6# { Black checkmated } 1-0

[Event "ICC tourney 2074 (75 10)"]
[Site "Internet Chess Club"]
[Date "2020.10.25"]
[Round "6"]
[White "unigirl314"]
[Black "BArkadia"]
[Result "0-1"]
[ICCResult "White checkmated"]
[WhiteElo "874"]
[BlackElo "1204"]
[Opening "Two knights defense"]
[ECO "C55"]
[NIC "KP.02"]
[Time "18:03:18"]
[PlyCount "64"]
[TimeControl "4500+10"]

1. e4 e5 2. Nf3 Nc6 3. d4 exd4 4. Bc4 Nf6 5. O-O d5 6. exd5 Nxd5 7. c3 Be7
8. cxd4 O-O 9. Nc3 Nxc3 10. bxc3 Qd6 11. Ng5 Qg6 12. Bd3 f5 13. Nf3 Bd7 14.
Bf4 Rac8 15. Qb3+ Kh8 16. Ne5 Nxe5 17. Bxe5 Bd6 18. Bxd6 Qxd6 19. Qxb7 Bc6
20. Qb2 Rf6 21. f3 Rh6 22. g3 Rf8 23. Rf2 f4 24. gxf4 Qxf4 25. Raf1 Rh5 26.
Kh1 Rh3 27. Be4 Bxe4 28. fxe4 Qxe4+ 29. Kg1 Qg4+ 30. Rg2 Rxf1+ 31. Kxf1
Qd1+ 32. Kf2 Rf3# { White checkmated } 0-1

[Event "ICC tourney 2074 (75 10)"]
[Site "Internet Chess Club"]
[Date "2020.10.25"]
[Round "6"]
[White "Jmarley538"]
[Black "FiveTimesNo"]
[Result "0-1"]
[ICCResult "White checkmated"]
[WhiteElo "1188"]
[BlackElo "1135"]
[Opening "Sicilian: Grand Prix attack"]
[ECO "B21"]
[NIC "SI.48"]
[Time "18:03:20"]
[PlyCount "152"]
[TimeControl "4500+10"]

1. e4 c5 2. f4 d6 3. Nf3 Nc6 4. Bb5 Bd7 5. Bxc6 Bxc6 6. d3 g6 7. Nc3 Bg7 8.
O-O e6 9. Be3 b6 10. Rb1 Ne7 11. Bf2 O-O 12. Ng5 Qd7 13. h4 f6 14. Nh3 f5
15. g4 Rad8 16. Qe2 d5 17. exf5 exf5 18. Rbe1 Rde8 19. Qe6+ Qxe6 20. Rxe6
fxg4 21. Rfe1 gxh3 22. Rxe7 Rxe7 23. Rxe7 Rxf4 24. Rxa7 h2+ 25. Kxh2 Rxf2+
26. Kg1 Bd4 27. Kh1 Rf7 28. Ra6 c4 29. Na4 Bxa4 30. Rxa4 Bxb2 31. dxc4 dxc4
32. Rxc4 Rf2 33. a4 Rf6 34. Kg2 Ba3 35. Kg3 Bd6+ 36. Kg4 Kg7 37. Re4 h5+
38. Kh3 Kf7 39. Kg2 Re6 40. Rd4 Re2+ 41. Kf3 Re6 42. Rd3 Bc5 43. Kf4 Rd6
44. Rxd6 Bxd6+ 45. Kg5 Be7+ 46. Kf4 Kf6 47. c4 Bd6+ 48. Kf3 Kf5 49. Kg2 Kg4
50. Kh1 Kxh4 51. Kg2 Kg4 52. Kh1 g5 53. Kg2 h4 54. Kh1 Kg3 55. Kg1 h3 56.
Kh1 g4 57. c5 bxc5 58. a5 Bb8 59. a6 Ba7 60. Kg1 Kf3 61. Kh2 Kf2 62. Kh1 c4
63. Kh2 c3 64. Kh1 c2 65. Kh2 g3+ 66. Kxh3 g2 67. Kg4 g1=Q+ 68. Kf5 Qe1 69.
Kg4 Qe3 70. Kf5 c1=Q 71. Kf6 Qd1 72. Kf5 Qd7+ 73. Kf6 Qde7+ 74. Kf5 Q3e5+
75. Kg4 Q7f6 76. Kh3 Qg3# { White checkmated } 0-1